[Event "Venerd-dì-rapid!"]
[Site "Chess.com"]
[Date "2020.04.17"]
[Round "1"]
[White "FrancescoZasa"]
[Black "markk000"]
[Result "0-1"]
[WhiteElo "976"]
[BlackElo "1568"]
[TimeControl "720+3"]
[EndTime "6:07:21 PDT"]
[Termination "markk000 ha vinto per scaccomatto"]

1. d4 Nf6 2. Nf3 c5 3. Nc3 d5 4. e3 Bg4 5. h3 Bh5 6. g4 Bg6 7. dxc5 e6 8. Bb5+ Nc6 9. b4 a5 10. bxa5 Qxa5 11. Nh4 Bxc5 12. Bxc6+ bxc6 13. f4 Bb4 14. Bd2 Bxc3 15. Bxc3 Qxc3+ 16. Qd2 Qxa1+ 17. Qd1 Qxd1+ 18. Kxd1 Rxa2 19. g5 Ne4 20. Nxg6 hxg6 21. Ke2 Ng3+ 22. Kf2 Nxh1+ 23. Kg2 Rxc2+ 24. Kxh1 Rxh3+ 25. Kg1 Rxe3 26. Kf1 Ra3 27. Ke1 Ra1# 0-1

[Event "Venerd-dì-rapid!"]
[Site "Chess.com"]
[Date "2020.04.17"]
[Round "1"]
[White "BAKR1980"]
[Black "fausto2p"]
[Result "1-0"]
[WhiteElo "1569"]
[BlackElo "969"]
[TimeControl "720+3"]
[EndTime "6:08:00 PDT"]
[Termination "BAKR1980 ha vinto per abbandono"]

1. e4 e6 2. d4 d5 3. exd5 exd5 4. Nf3 Nf6 5. Bd3 Bd6 6. O-O O-O 7. h3 h6 8. Be3 Be6 9. Qd2 Nbd7 10. Nc3 a6 11.
Rfe1 Re8 12. Bxh6 gxh6 13. Qxh6 Nf8 14. Ng5 Bf4 15. g3 Bxg5 16. Qxg5+ Kh8 17. Re5 Qd7 18. Qxf6+ Kg8 19. Rg5+ Ng6 20. Bxg6 fxg6 21. Rxg6+ 1-0

[Event "Venerd-dì-rapid!"]
[Site "Chess.com"]
[Date "2020.04.17"]
[Round "1"]
[White "Ollarov"]
[Black "sirmale49"]
[Result "1-0"]
[WhiteElo "1950"]
[BlackElo "1354"]
[TimeControl "720+3"]
[EndTime "6:12:54 PDT"]
[Termination "Ollarov ha vinto per abbandono"]

1. e4 d5 2. exd5 Qxd5 3. Nc3 Qd6 4. d4 c6 5. Nf3 Bg4 6. Be2 Nf6 7. Be3 e6 8. O-O Be7 9. h3 Bf5 10. Nh4 Bg6 11. Bf3 Bd8 12. Qe2 Bc7 13. g3 Nbd7 14. Bf4 e5 15. dxe5 Nxe5 16. Rfe1 Nd7 17. Bg4 O-O-O 18. Bxe5 Rhe8 19. Bxd6 Rxe2 20. Rxe2 Bxd6 21. Rd1 Kc7 22. Nxg6 hxg6 23. Ne4 f5 24. Nxd6 fxg4 25. hxg4 Nc5 26. Re7+ Kb6 27. b4 Nd7 28. Nc4+ Kc7 29. Ne5 Kc8 1-0

[Event "Venerd-dì-rapid!"]
[Site "Chess.com"]
[Date "2020.04.17"]
[Round "1"]
[White "sergiodone"]
[Black "donaldnecesito"]
[Result "1/2-1/2"]
[WhiteElo "1297"]
[BlackElo "1694"]
[TimeControl "720+3"]
[EndTime "6:13:30 PDT"]
[Termination "Partita patta per ripetizione di mosse"]

1. e4 c5 2. Nf3 d6 3. Bc4 Nf6 4. Qe2 e6 5. c3 Be7 6. d4 cxd4 7. cxd4 O-O 8. Nc3 Qc7 9. O-O a6 10. a3 b5 11. Bd3 Bb7 12. Be3 Nbd7 13. h3 e5 14. d5 Nc5 15. Bc2 Rac8 16. Rac1 Qd7 17. Rfe1 Rc7 18. Nh2 Rfc8 19. f4 exf4 20. Bxf4 Qe8 21.
Bg3 Ncd7 22. Ng4 Nxg4 23. Qxg4 Ne5 24. Bxe5 dxe5 25. Bb3 Bd6 26. Qf3 a5 27. Ne2 Rxc1 28. Rxc1 Rxc1+ 29. Nxc1 b4 30. a4 Ba6 31. Qd1 Qc8 32.
Qc2 Qxc2 33. Bxc2 Bc5+ 34. Kh2 Bd4 35. b3 Kf8 36. Nd3 Bxd3 37. Bxd3 Ke7 38. g4 g5 39. Kg2 Kd6 40. Kf3 f6 41. Ke2 h6 42. Bc4 Bc3 43. Kd3 Bd4 44. Bb5 Bc3 45. Bc4 Bd4 46. Bb5 Bc3 47.
Bc4 1/2-1/2

[Event "Venerd-dì-rapid!"]
[Site "Chess.com"]
[Date "2020.04.17"]
[Round "1"]
[White "karab89"]
[Black "giulioscaglione"]
[Result "1-0"]
[WhiteElo "1441"]
[BlackElo "1354"]
[TimeControl "720+3"]
[EndTime "6:20:34 PDT"]
[Termination "karab89 ha vinto per scaccomatto"]

1. e4 e6 2. d4 b6 3. Bc4 Bb7 4. Nc3 Bb4 5. d5 exd5 6. exd5 Nf6 7. Bg5 O-O 8. Ne2 Bxc3+ 9. bxc3 Qe7 10. O-O Qd6 11. Bf4 Qc5 12. Bb3 Bxd5 13. Bxd5 Qxd5 14. Bxc7 Na6 15. Bd6 Rfe8 16. Re1 Ne4 17. Qxd5 Nf6 18. Qb5 Nc5 19. Bxc5 bxc5 20. Qxc5 Rec8 21. Qe3 Re8 22.
Qd3 Rec8 23. Nd4 d5 24. Nf5 Kh8 25. Qg3 Nh5 26. Qd6 Rd8 27. Qe7 h6 28. Qxf7 Rf8 29. Qxh5 Kh7 30. Re7 Rg8 31. Qxh6# 1-0

[Event "Venerd-dì-rapid!"]
[Site "Chess.com"]
[Date "2020.04.17"]
[Round "1"]
[White "MarcoCiva"]
[Black "OMatteoWuO"]
[Result "1/2-1/2"]
[WhiteElo "1669"]
[BlackElo "1138"]
[TimeControl "720+3"]
[EndTime "6:28:01 PDT"]
[Termination "Patta d'accordo"]

1. d4 Nf6 2. c4 g6 3. Nc3 Bg7 4. Nf3 d6 5. e3 O-O 6. Bd3 Nbd7 7. O-O e5 8. dxe5 dxe5 9. Ne4 Nxe4 10. Bxe4 Nc5 11.
Bd5 c6 12. b4 Ne6 13. Bxe6 Bxe6 14. Bb2 Qc7 15. c5 Rfd8 16. Qe2 e4 17. Bxg7 exf3 18. Qb2 fxg2 19. Kxg2 Bd5+ 20. f3 Re8 21. Bh8 f5 22. Bd4 Re6 23. Qc2 Qe7 24. Rae1 Qg5+ 25. Kf2 Rae8 26. Rg1 Qh4+ 27. Ke2 Qxh2+ 28. Kd1 Qxc2+ 29.
Kxc2 Bxf3 30. Ref1 Be4+ 31. Kd2 Bd5 32. Rxf5 Bxa2 33. Rf3 Bd5 34. Rfg3 Rf8 35. Ke2 Bc4+ 36. Ke1 Rf5 37. R1g2 Kf7 38. Rf2 Rxf2 39. Kxf2 h6 40. Rf3+ Ke7 41. Rf4 g5 42. Rg4 Kf7 43. e4 Kg6 44.
Ke3 h5 45. Rg1 Bd5 46. Ra1 Rxe4+ 47. Kd3 a6 48. Rf1 h4 49. Rf6+ Kh5 50. Rf8 Kg4 51.
Rh8 Kg3 52. Rh7 g4 53. Rxb7 h3 1/2-1/2

[Event "Venerd-dì-rapid!"]
[Site "Chess.com"]
[Date "2020.04.17"]
[Round "2"]
[White "markk000"]
[Black "Ollarov"]
[Result "0-1"]
[WhiteElo "1564"]
[BlackElo "1965"]
[TimeControl "720+3"]
[EndTime "6:36:11 PDT"]
[Termination "Ollarov ha vinto per abbandono"]

1. d4 Nf6 2. c4 g6 3. Nc3 Bg7 4. e4 O-O 5. h3 d6 6. Nf3 e5 7. d5 a5 8. Bd3 Na6 9. Be3 Nd7 10. O-O f5 11. Qd2 f4 12. Bxf4 exf4 13.
a3 Ne5 14. Nxe5 Bxe5 15. Be2 Qg5 16. g4 Qh4 17. Kg2 Nc5 18. Kf3 0-1

[Event "Venerd-dì-rapid!"]
[Site "Chess.com"]
[Date "2020.04.17"]
[Round "2"]
[White "donaldnecesito"]
[Black "karab89"]
[Result "1-0"]
[WhiteElo "1718"]
[BlackElo "1367"]
[TimeControl "720+3"]
[EndTime "6:37:46 PDT"]
[Termination "donaldnecesito ha vinto per scaccomatto"]

1. e4 e6 2. d4 d5 3. Nd2 c5 4.
Ngf3 Qb6 5. c3 Nc6 6. Nb3 cxd4 7. exd5 exd5 8. Nfxd4 Nf6 9. Be3 Bc5 10. Bb5 Bd7 11.
Nxc5 Qxc5 12. O-O O-O 13. Bxc6 Bxc6 14. Ne6 Qxe3 15. fxe3 fxe6 16. a4 Ne4 17. Qg4 Rxf1+ 18. Rxf1 Bd7 19. c4 Rd8 20. cxd5 exd5 21. Qh4 Bxa4 22.
Qxd8+ Be8 23. Qxe8# 1-0

[Event "Venerd-dì-rapid!"]
[Site "Chess.com"]
[Date "2020.04.17"]
[Round "2"]
[White "sirmale49"]
[Black "FrancescoZasa"]
[Result "1-0"]
[WhiteElo "1359"]
[BlackElo "927"]
[TimeControl "720+3"]
[EndTime "6:44:31 PDT"]
[Termination "sirmale49 ha vinto per scaccomatto"]

1. e4 e5 2. f4 d5 3. Nc3 exf4 4. Nf3 g5 5. h4 h6 6. hxg5 hxg5 7. Rxh8 Qf6 8.
Rxg8 Qe7 9. d3 dxe4 10. Nxe4 Nc6 11. Nxg5 Ne5 12. Bxf4 Bg4 13. Be2 f6 14. Rxf8+ Qxf8 15. Bxg4 Nxg4 16. Qxg4 fxg5 17. Qe6+ Qe7 18. Qxe7+ Kxe7 19. Bxg5+ Kf8 20. O-O-O Re8 21. Nc5 b6 22. Nd7+ Kg7 23.
Rf1 c5 24. Bh4 a5 25. g4 b5 26. g5 c4 27. dxc4 bxc4 28. Nb6 a4 29. Nxa4 Re4 30. Bg3 Rg4 31. Be5+ Kg8 32. Bf6 Re4 33. Nc5 Re8 34.
Nd7 Re6 35. Ne5 Kf8 36. Rh1 Rxf6 37. gxf6 Kg8 38. Kd2 Kf8 39. Ke3 Kg8 40. Kf4 Kf8 41.
Kg5 Kg8 42. Nf7 Kxf7 43. Rh7+ Ke6 44. Re7+ Kd5 45. Kf5 Kd4 46. c3+ Kd3 47. Rd7+ Kc2 48.
Ke4 Kxb2 49. Kd4 Kxa2 50. Rb7 Ka3 51. Kxc4 Ka4 52. Ra7# 1-0

[Event "Venerd-dì-rapid!"]
[Site "Chess.com"]
[Date "2020.04.17"]
[Round "2"]
[White "bellapero"]
[Black "BAKR1980"]
[Result "1-0"]
[WhiteElo "1365"]
[BlackElo "1454"]
[TimeControl "720+3"]
[EndTime "6:47:38 PDT"]
[Termination "bellapero ha vinto per scaccomatto"]

1. e4 e5 2. Nf3 Nc6 3. Nc3 Bc5 4. Nxe5 Bxf2+ 5. Kxf2 Nxe5 6. d4 Ng6 7. Qf3 N8e7 8.
Bd3 O-O 9. h4 f5 10. Bc4+ Kh8 11.
e5 Nc6 12. Bg5 Qe8 13. h5 Ngxe5 14. dxe5 Nxe5 15. Qd5 c6 16. Qd4 d5 17. Rae1 Ng4+ 18. Kf1 Qf7 19. Re7 Qg8 20. h6 Rf7 21. hxg7+ Rxg7 22. Bxd5 cxd5 23. Nxd5 Be6 24. Nf6 Rd8 25. Qxd8 Qxd8 26. Rxh7+ Rxh7 27. Rxh7# 1-0

[Event "Venerd-dì-rapid!"]
[Site "Chess.com"]
[Date "2020.04.17"]
[Round "2"]
[White "sergiodone"]
[Black "MarcoCiva"]
[Result "1/2-1/2"]
[WhiteElo "1303"]
[BlackElo "1621"]
[TimeControl "720+3"]
[EndTime "6:51:40 PDT"]
[Termination "Partita patta per ripetizione di mosse"]

1. e4 e5 2. d4 exd4 3. Nf3 Nc6 4. Bc4 Bb4+ 5. c3 dxc3 6. bxc3 Bc5 7. O-O d6 8. h3 Nge7 9. Bg5 O-O 10. Nbd2 h6 11. Bh4 Bd7 12. Nb3 Bb6 13. Rb1 Qc8 14. Kh2 Ng6 15.
Bg3 Nge5 16. Nxe5 Nxe5 17. Bxe5 dxe5 18. Qf3 Be6 19. Bd3 c5 20. Bc2 c4 21. Nc1 f5 22.
exf5 Bxf5 23. Bxf5 Rxf5 24. Qd5+ Kh8 25. Ne2 Qc7 26.
Kh1 Rd8 27. Qe6 Rdf8 28. Ng3 Rxf2 29. Rxf2 Rxf2 30. Qe8+ Kh7 31. Ne4 Rxa2 32. Qh5 Qd7 33. Rf1 Bd8 34. Qxe5 Be7 35. Ng3 Bf6 36. Qe4+ Kh8 37.
Qxc4 Rc2 38. Nh5 Rxc3 39. Nxf6 Rxh3+ 40. gxh3 Qxh3+ 41. Kg1 Qg3+ 42. Kh1 Qh3+ 43. Kg1 Qg3+ 44. Kh1 Qh3+ 1/2-1/2

[Event "Venerd-dì-rapid!"]
[Site "Chess.com"]
[Date "2020.04.17"]
[Round "2"]
[White "giulioscaglione"]
[Black "OMatteoWuO"]
[Result "0-1"]
[WhiteElo "1257"]
[BlackElo "1171"]
[TimeControl "720+3"]
[EndTime "6:52:42 PDT"]
[Termination "OMatteoWuO ha vinto per abbandono"]

1. b3 Nf6 2. Bb2 e6 3. e3 d5 4. Ne2 Nc6 5. Ng3 Bd6 6. Bb5 Bd7 7. O-O a6 8. Bxc6 Bxc6 9. d3 O-O 10. Nd2 e5 11. Nf5 Bd7 12. Ng3 Re8 13. e4 d4 14.
Nf3 Bg4 15. h3 Bxf3 16. Qxf3 c5 17. Bc1 Qd7 18. Bg5 Be7 19. Bxf6 Bxf6 20. Nh5 Bg5 21. Ng3 b5 22. Qf5 Qxf5 23. Nxf5 Re6 24. Ng3 Rc8 25.
Ne2 c4 26. bxc4 bxc4 27. f4 cxd3 28. cxd3 Bh6 29. fxe5 Be3+ 30. Kh1 Rxe5 31. Rab1 h6 32. Rf5 Rxf5 33. exf5 Rc2 34. Ng3 Rxa2 35. Ne4 a5 36. f6 g5 37. Nd6 Rf2 38. Rb8+ Kh7 39. Nxf7 Rf1+ 40. Kh2 Bf4+ 41. g3 Bxb8 42. h4 gxh4 0-1

[Event "Venerd-dì-rapid!"]
[Site "Chess.com"]
[Date "2020.04.17"]
[Round "3"]
[White "sirmale49"]
[Black "markk000"]
[Result "0-1"]
[WhiteElo "1351"]
[BlackElo "1571"]
[TimeControl "720+3"]
[EndTime "7:03:29 PDT"]
[Termination "markk000 ha vinto per abbandono"]

1. e4 c5 2. f4 Nc6 3. Nf3 d6 4.
Bb5 Bd7 5. O-O g6 6. Nc3 Bg7 7. d3 Nf6 8. Nd5 Nxd5 9. exd5 Nb4 10. Bxd7+ Qxd7 11. a3 Nxd5 12. c4 Nc7 13. Rb1 a5 14. b3 O-O 15. Qe1 e5 16. Qh4 f6 17. fxe5 dxe5 18.
Bh6 g5 19. Qh5 Ne6 20. Qg6 hxg6 0-1

[Event "Venerd-dì-rapid!"]
[Site "Chess.com"]
[Date "2020.04.17"]
[Round "3"]
[White "MarcoCiva"]
[Black "karab89"]
[Result "1-0"]
[WhiteElo "1643"]
[BlackElo "1311"]
[TimeControl "720+3"]
[EndTime "7:05:45 PDT"]
[Termination "MarcoCiva ha vinto per scaccomatto"]

1. d4 e6 2. c4 d5 3. Nc3 c5 4.
e3 Qb6 5. Nf3 Nc6 6. Na4 Qc7 7.
dxc5 dxc4 8. Bxc4 Ne5 9. Bb5+ Nd7 10. Qd4 a6 11. Bxd7+ Bxd7 12. O-O Bxc5 13. Nxc5 O-O-O 14. Qxg7 Qxc5 15. Qxh8 Bb5 16. Bd2 Bxf1 17. Rc1 Bc4 18. b3 b5 19. bxc4 bxc4 20. Qxh7 Nf6 21. Qxf7 Nd7 22.
Qxe6 Kb7 23. Rb1+ Ka7 24. Nd4 Nb6 25. Nc6+ Ka8 26. Nxd8 Qc8 27. Qxb6 Qb7 28. Qxb7# 1-0

[Event "Venerd-dì-rapid!"]
[Site "Chess.com"]
[Date "2020.04.17"]
[Round "3"]
[White "Ollarov"]
[Black "bellapero"]
[Result "1-0"]
[WhiteElo "1973"]
[BlackElo "1342"]
[TimeControl "720+3"]
[EndTime "7:12:19 PDT"]
[Termination "Ollarov ha vinto per abbandono"]

1. e4 c5 2. a3 d6 3. b4 cxb4 4. axb4 Nc6 5. b5 Ne5 6. d4 Nd7 7. Nf3 Ngf6 8. e5 dxe5 9. dxe5 Ne4 10. e6 fxe6 11. Bb2 Nef6 12. Bc4 g6 13. O-O Bg7 14.
Ng5 Nh5 15. Nxe6 Qb6 16. Nxg7+ Nxg7 17. Bxg7 Rf8 18. Bxf8 Nxf8 19. Qf3 Be6 20. Bxe6 Nxe6 21. Nc3 Nd4 22. Qe3 Rd8 23. Nd5 Rxd5 24. c3 Nc2 25. Qxb6 axb6 26. Ra8+ Kf7 27. c4 Rd4 28. Rc8 Na3 29.
Rc1 Rd2 30. f3 h5 31. Rc7 Nc2 32. Rxb7 Ne3 33. Re1 Rxg2+ 34. Kh1 Rc2 35. Rxe3 Rxc4 36. Rbxe7+ Kf6 37. R7e6+ Kg5 38. Rxb6 Rc1+ 39. Kg2 Rc2+ 40. Kh3 Rc5 41. Rb8 Rc4 42. b6 Rh4+ 43. Kg2 Kf4 44.
Re4+ Kg5 45. Rxh4 Kxh4 46. b7 g5 47. Kf2 g4 48. fxg4 Kxg4 49. Rc8 h4 50. b8=Q 1-0

[Event "Venerd-dì-rapid!"]
[Site "Chess.com"]
[Date "2020.04.17"]
[Round "3"]
[White "OMatteoWuO"]
[Black "donaldnecesito"]
[Result "0-1"]
[WhiteElo "1169"]
[BlackElo "1724"]
[TimeControl "720+3"]
[EndTime "7:17:40 PDT"]
[Termination "donaldnecesito ha vinto per abbandono"]

1. d4 d5 2. c4 e6 3. Nc3 Nf6 4.
Nf3 Bb4 5. Bd2 O-O 6. e3 c5 7.
dxc5 dxc4 8. Bxc4 Qc7 9. Rc1 Qxc5 10. Na4 Bxd2+ 11. Qxd2 Qh5 12. Nc3 a6 13. O-O b5 14.
Be2 Bb7 15. Nd4 Qg6 16. Bf3 Bxf3 17. Nxf3 Nbd7 18. e4 b4 19. Ne2 a5 20. e5 Nd5 21.
Nf4 Nxf4 22. Qxf4 Nb6 23. Rfd1 Nd5 24. Qg3 Qe4 25. Rd4 Qe2 26. Rd2 Qe4 27. Ng5 Rac8 28.
Rcd1 Qf5 29. Qh4 h6 30. Nf3 Rc2 31. h3 Rxd2 32. Rxd2 Rc8 33. g4 Qxf3 0-1

[Event "Venerd-dì-rapid!"]
[Site "Chess.com"]
[Date "2020.04.17"]
[Round "3"]
[White "BAKR1980"]
[Black "sergiodone"]
[Result "1-0"]
[WhiteElo "1498"]
[BlackElo "1298"]
[TimeControl "720+3"]
[EndTime "7:19:31 PDT"]
[Termination "BAKR1980 ha vinto per tempo"]

1. e4 c5 2. Nf3 d6 3. d4 cxd4 4. Nxd4 e6 5. Nc3 Be7 6. Bc4 a6 7. Be3 Qc7 8. Qe2 b5 9. Bb3 Nf6 10. a3 Bd7 11. f4 Nc6 12. O-O h5 13. f5 Ng4 14. fxe6 fxe6 15. Nxe6 Bxe6 16. Bxe6 Nce5 17. Nd5 Qb7 18. Bd4 Bg5 19. c3 Qc6 20. Rf5 Bd8 21.
h3 Be7 22. hxg4 hxg4 23. Bxe5 dxe5 24. Bf7+ Kd8 25. Rh5 Rxh5 26. Bxh5 Bc5+ 27. Kf1 g3 28.
Rd1 Kc8 29. Qg4+ Kb8 30. Qxg3 Qe6 31. Bg4 Qf7+ 32. Qf3 Qg6 33. Qf5 Qxf5+ 34. Bxf5 Ka7 35. Nb4 Rh8 36. Rd7+ Kb6 37. Rxg7 Bxb4 38. axb4 Rh1+ 39. Ke2 Rb1 40. Rg6+ Ka7 41. g4 Rxb2+ 42. Kd3 Rg2 43. Re6 Rg3+ 44. Kc2 a5 45. bxa5 Rg1 46. Rxe5 Ka6 47. Bd7 Kxa5 48. Rxb5+ Ka6 49. Rb1 Rg2+ 50. Kd3 Ka7 51. e5 Rg3+ 52. Kd4 Rg2 53. Ra1+ Kb6 54.
e6 Kc7 55. Kc5 1-0

[Event "Venerd-dì-rapid!"]
[Site "Chess.com"]
[Date "2020.04.17"]
[Round "3"]
[White "fausto2p"]
[Black "giulioscaglione"]
[Result "0-1"]
[WhiteElo "899"]
[BlackElo "1278"]
[TimeControl "720+3"]
[EndTime "7:21:54 PDT"]
[Termination "giulioscaglione ha vinto per abbandono"]

1. d4 e6 2. c4 Bb4+ 3. Nc3 b6 4.
e3 Bb7 5. a3 Bxc3+ 6. bxc3 Ne7 7.
Nf3 d6 8. Be2 O-O 9. O-O c5 10. a4 Ng6 11. Ba3 Nd7 12. dxc5 dxc5 13. Rb1 Nf6 14. Qxd8 Rfxd8 15. Rfd1 Rxd1+ 16. Rxd1 Ne4 17. Bb2 Nf6 18. h3 Kf8 19. Ba3 Ke8 20. a5 Rd8 21.
axb6 Rxd1+ 22. Bxd1 axb6 23. Bc1 Bxf3 24. Bxf3 Ne5 25.
Bb7 Nxc4 26. Bc6+ Ke7 27. f3 Nd5 28. Bxd5 exd5 29. Kf2 g6 30. g4 Ke6 31. Kg3 f5 32. Kf4 fxg4 33. hxg4 h6 34. Kg3 g5 35. f4 Kf6 36. fxg5+ hxg5 37. Kf3 Nd6 38. Bb2 Kg6 39. Ke2 Ne4 40. Kf3 Nd2+ 41. Ke2 Nc4 42. Ba1 Kf6 43. Kf3 Ke5 44. Ke2 Ke4 45. Kf2 Nxe3 46. Kg3 Kd3 47. Kf3 Nd1 48. c4 d4 49. Kg3 Kc2 50. Kf3 Kd3 51.
Kg3 Ke4 52. Kg2 Kf4 53. Kh3 Nf2+ 54. Kg2 Nxg4 55. Bb2 Ne3+ 56. Kg1 Nxc4 57. Bc1+ Kg4 58. Kg2 b5 59. Kf2 Ne3 60. Ke2 Kh3 61. Kd3 g4 62. Ke4 g3 63. Bd2 g2 0-1

[Event "Venerd-dì-rapid!"]
[Site "Chess.com"]
[Date "2020.04.17"]
[Round "4"]
[White "BAKR1980"]
[Black "MarcoCiva"]
[Result "1-0"]
[WhiteElo "1578"]
[BlackElo "1581"]
[TimeControl "720+3"]
[EndTime "7:27:01 PDT"]
[Termination "BAKR1980 ha vinto per abbandono"]

1. e4 e5 2. Nf3 Nc6 3. Bc4 Bc5 4. d4 exd4 5. c3 dxc3 6. Bxf7+ Kxf7 7. Qd5+ Ke8 8.
Qxc5 d6 9. Qxc3 Bg4 10. Qxg7 Qf6 11. Qxg4 Nge7 12. Nc3 Rg8 13. Qh5+ Ng6 14. Nd5 Qf7 15. Ng5 Qd7 16. Nf6+ 1-0

[Event "Venerd-dì-rapid!"]
[Site "Chess.com"]
[Date "2020.04.17"]
[Round "4"]
[White "sergiodone"]
[Black "fausto2p"]
[Result "1-0"]
[WhiteElo "1300"]
[BlackElo "866"]
[TimeControl "720+3"]
[EndTime "7:32:36 PDT"]
[Termination "sergiodone ha vinto per scaccomatto"]

1. e4 e6 2. d4 d5 3. Nd2 c5 4. Ngf3 Nc6 5. c3 cxd4 6. cxd4 Bb4 7. e5 Nh6 8. h3 Nf5 9. a3 Bxd2+ 10. Qxd2 O-O 11.
Be2 Qb6 12. O-O Nfxd4 13. Nxd4 Nxd4 14. Bd1 Nb3 15. Bxb3 Qxb3 16. a4 Bd7 17. Ra3 Qb6 18.
a5 Qb5 19. Re1 Rac8 20. Rg3 g6 21. h4 Rc4 22. h5 Qc5 23. h6 Rc2 24. Qf4 Bc6 25. Qf6 Rxf2 26. Qg7# 1-0

[Event "Venerd-dì-rapid!"]
[Site "Chess.com"]
[Date "2020.04.17"]
[Round "4"]
[White "karab89"]
[Black "FrancescoZasa"]
[Result "1-0"]
[WhiteElo "1343"]
[BlackElo "883"]
[TimeControl "720+3"]
[EndTime "7:36:50 PDT"]
[Termination "karab89 ha vinto per scaccomatto"]

1. e4 e5 2. Nf3 Nf6 3. Nxe5 Nxe4 4. Bc4 Bc5 5. O-O d6 6. Nxf7 Qd7 7. Nxh8 b5 8. Bd5 c6 9. Bxe4 d5 10. Bxh7 Na6 11.
Qh5+ Kd8 12. Nf7+ Kc7 13. Qe5+ Bd6 14. Nxd6 Qxd6 15. Qxg7+ Qd7 16. Qxd7+ Bxd7 17. Re1 Nc5 18. f3 Re8 19. Rxe8 Bxe8 20. d4 Ne6 21. c3 c5 22.
dxc5 Nxc5 23. Bf4+ Kb6 24. Nd2 a5 25. Be3 Bf7 26.
Bxc5+ Kxc5 27. Nb3+ Kb6 28. Nd4 b4 29. cxb4 axb4 30.
a3 bxa3 31. bxa3 Kc5 32. Nf5 Be6 33. Kf2 Bxf5 34. Bxf5 Kd4 35. g4 Ke5 36. a4 Kf6 37. h4 d4 38. f4 d3 39. Bxd3 Ke6 40. a5 Kd5 41. a6 Kd4 42. a7 Kxd3 43. a8=Q Kc2 44.
Qe4+ Kb2 45. Rb1+ Kc3 46. Qb4+ Kd3 47. Rb3+ Kc2 48. Qc3+ Kd1 49. Rb1# 1-0

[Event "Venerd-dì-rapid!"]
[Site "Chess.com"]
[Date "2020.04.17"]
[Round "4"]
[White "donaldnecesito"]
[Black "Ollarov"]
[Result "0-1"]
[WhiteElo "1702"]
[BlackElo "1997"]
[TimeControl "720+3"]
[EndTime "7:39:44 PDT"]
[Termination "Ollarov ha vinto per abbandono"]

1. e4 c5 2. Nf3 e6 3. d4 cxd4 4.
Nxd4 Nc6 5. Nc3 Qc7 6. a3 a6 7. Bc4 Nf6 8. O-O Nxd4 9. Qxd4 Bd6 10. g3 Be5 11. Qd3 b5 12. Bb3 h5 13. Ne2 Bb7 14.
f3 h4 15. Bf4 hxg3 16. hxg3 Qc5+ 17. Be3 Qc7 18. Bf4 d5 19. exd5 Nxd5 20. Bxd5 Bxd5 21.
Rf2 Bxf4 22. Nxf4 O-O-O 23. a4 Bc4 24. Qe3 g5 25. Nd3 Rh3 26. Rg2 Rdh8 27. Kf2 Bxd3 28. cxd3 Rh1 29. Rxh1 Rxh1 30. axb5 Qc2+ 31. Qe2 Qc5+ 0-1

[Event "Venerd-dì-rapid!"]
[Site "Chess.com"]
[Date "2020.04.17"]
[Round "4"]
[White "markk000"]
[Black "bellapero"]
[Result "1-0"]
[WhiteElo "1577"]
[BlackElo "1262"]
[TimeControl "720+3"]
[EndTime "7:41:12 PDT"]
[Termination "markk000 ha vinto per scaccomatto"]

1. d4 d5 2. c4 e6 3. Nc3 Nc6 4. Nf3 Nf6 5. Bg5 g6 6. e3 Bg7 7. Bd3 O-O 8. O-O Qe8 9. Bxf6 Bxf6 10. cxd5 exd5 11. Nxd5 Qd8 12. Nc3 Bg7 13. h3 Nb4 14. Re1 Nxd3 15. Qxd3 Bf5 16. e4 Be6 17. d5 c6 18. Rad1 cxd5 19. exd5 Bf5 20. Qb5 Bd7 21. Qxb7 Rb8 22. Qxa7 Rxb2 23. Na4 Rxa2 24. Ne5 Bxa4 25. Rb1 Qxd5 26. Nf3 Bc3 27. Rec1 Bb2 28. Rxb2 Rxb2 29. Qxa4 Ra8 30. Qh4 Raa2 31. Qh6 Rxf2 32. Rc8+ Qd8 33. Rxd8# 1-0

[Event "Venerd-dì-rapid!"]
[Site "Chess.com"]
[Date "2020.04.17"]
[Round "4"]
[White "giulioscaglione"]
[Black "sirmale49"]
[Result "0-1"]
[WhiteElo "1237"]
[BlackElo "1364"]
[TimeControl "720+3"]
[EndTime "7:45:34 PDT"]
[Termination "sirmale49 ha vinto per abbandono"]

1. b3 Nf6 2. Bb2 e6 3. e3 g6 4. Ne2 Bg7 5. Ng3 O-O 6. d3 Nc6 7. Nd2 d5 8. Be2 b6 9. a3 Bb7 10. O-O Ne7 11. Bf3 Rb8 12. e4 dxe4 13. Ndxe4 Nxe4 14. Bxg7 Nxg3 15. Bxf8 Nxf1 16. Bxe7 Qxe7 17. Kxf1 Bxf3 18. Qxf3 Qc5 19. c4 Rd8 20. b4 Qd4 21. Rd1 Qc3 22. b5 Qxa3 23. g3 a5 24. bxa6 Qxa6 25.
Qc6 Qa7 26. h4 Qb8 27. Qb5 Rd6 28. c5 Rd5 29. d4 Qd8 30. Ra1 bxc5 31. Qc6 Kg7 32.
dxc5 Rd1+ 33. Rxd1 Qxd1+ 34. Kg2 Qd5+ 35. Qxd5 exd5 36.
Kf3 Kf6 37. Ke3 Ke5 38. f4+ Ke6 39. Kd4 f5 40. Kc3 h5 41. Kd4 c6 42. Kc3 Kf6 43. Kd4 Ke6 44. Kc3 Kd7 45. Kd4 Kc7 46. Ke5 Kb7 47. Kf6 d4 48. Kxg6 d3 49. Kxf5 d2 50. Kg5 d1=Q 51. f5 Qg4+ 52. Kf6 Qxg3 53. Ke6 Qxh4 54. f6 Qg4+ 55. Ke7 Qe4+ 56. Kf8 Qf5 57.
f7 Qxf7+ 58. Kxf7 h4 0-1

[Event "Venerd-dì-rapid!"]
[Site "Chess.com"]
[Date "2020.04.17"]
[Round "5"]
[White "FrancescoZasa"]
[Black "fausto2p"]
[Result "0-1"]
[WhiteElo "766"]
[BlackElo "975"]
[TimeControl "720+3"]
[EndTime "7:57:43 PDT"]
[Termination "fausto2p ha vinto per scaccomatto"]

1. d4 d5 2. Nf3 Nf6 3. Nc3 e6 4. e3 c5 5. Bb5+ Bd7 6. Bxd7+ Qxd7 7. O-O Nc6 8. dxc5 Bxc5 9. a3 O-O 10. b4 Bd6 11. h3 a6 12. g4 h6 13. e4 Nxe4 14.
Nxe4 dxe4 15. Nd4 Nxd4 16. Qxd4 Bh2+ 17. Kxh2 Qxd4 18. Bb2 Qxb2 19. h4 Qxc2 20. Rac1 Qb2 21. Ra1 Rfd8 22. g5 hxg5 23. hxg5 e3 24. Rfe1 Qxf2+ 25. Kh3 Rd2 26. Rf1 Qh2+ 27. Kg4 e2 28. Rh1 Qxh1 29.
Rxh1 Rd1 30. Kf4 Rxh1 31. Kf3 e1=Q 32. Kg4 Rf1 33. g6 f6 34. Kh3 Rg1 35. Kh2 Qg3# 0-1

[Event "Venerd-dì-rapid!"]
[Site "Chess.com"]
[Date "2020.04.17"]
[Round "5"]
[White "markk000"]
[Black "donaldnecesito"]
[Result "0-1"]
[WhiteElo "1568"]
[BlackElo "1734"]
[TimeControl "720+3"]
[EndTime "7:59:49 PDT"]
[Termination "donaldnecesito ha vinto per scaccomatto"]

1. d4 d5 2. c4 e6 3. Nc3 Nf6 4.
Nf3 Bb4 5. Bg5 h6 6. Bh4 c6 7. e3 Qa5 8. Qc2 Ne4 9. Rc1 O-O 10. a3 Bxc3+ 11. bxc3 Qxa3 12. cxd5 exd5 13. Bd3 f5 14. O-O Nd7 15. c4 Ndf6 16. Ne5 Be6 17. c5 Qa5 18. Rfd1 g5 19. Bg3 Nh5 20. Bxe4 fxe4 21. Rb1 Nxg3 22. hxg3 Qc7 23. Qb2 Rab8 24. Rdc1 h5 25. Qa3 a6 26. Rc2 h4 27. gxh4 gxh4 28.
Rcb2 h3 29. f3 Qg7 30. f4 Kh7 31. Nxc6 bxc6 32. Rxb8 Qxg2# 0-1

[Event "Venerd-dì-rapid!"]
[Site "Chess.com"]
[Date "2020.04.17"]
[Round "5"]
[White "Ollarov"]
[Black "BAKR1980"]
[Result "1-0"]
[WhiteElo "2008"]
[BlackElo "1567"]
[TimeControl "720+3"]
[EndTime "8:01:38 PDT"]
[Termination "Ollarov ha vinto per abbandono"]

1. e4 e5 2. Nf3 Nc6 3. Bb5 a6 4. Bxc6 dxc6 5. O-O f6 6. d4 Bg4 7.
c3 Bd6 8. h3 Bh5 9. Be3 Qe7 10.
Nbd2 O-O-O 11. Qb3 exd4 12. Nxd4 Qe5 13. f4 Qe7 14. Nf5 Qd7 15. Nc4 Bf7 16. Nfxd6+ cxd6 17. Nb6+ Kc7 18. c4 Qe6 19. e5 fxe5 20. f5 Qe7 21.
Rad1 Nf6 22. Rd3 g6 23. fxg6 Bxg6 24. Bg5 Bxd3 25. Bxf6 Qf7 26. Bxd8+ Rxd8 27. Rxf7+ 1-0

[Event "Venerd-dì-rapid!"]
[Site "Chess.com"]
[Date "2020.04.17"]
[Round "5"]
[White "MarcoCiva"]
[Black "sirmale49"]
[Result "0-1"]
[WhiteElo "1511"]
[BlackElo "1387"]
[TimeControl "720+3"]
[EndTime "8:02:00 PDT"]
[Termination "sirmale49 ha vinto per abbandono"]

1. d4 d5 2. c4 e5 3. e3 Bb4+ 4. Bd2 Bxd2+ 5. Qxd2 exd4 6. Qxd4 Nc6 7. Qxd5 Qxd5 8.
cxd5 Nce7 9. Nc3 Bd7 10. O-O-O O-O-O 11. Nf3 Bg4 12. h3 Bxf3 13. gxf3 Nf6 14. e4 h6 15. Rg1 g5 16. Kb1 Nh5 17. Rc1 Nf4 18. Nb5 c5 19. Rxc5+ Kb8 20. Rc7 Rhe8 21. Bc4 a6 22. Nd4 Kxc7 23.
Rc1 Kd6 24. Nc2 Nxh3 25. Ne3 Nxf2 26. Ng4 Nxg4 27. fxg4 Rc8 28. b3 Ke5 29. Rd1 Kxe4 30. d6 Red8 31. d7 Rc7 32. Re1+ Kf4 33. Rxe7 Rdxd7 34. Re8 Kxg4 35. Rh8 Rd6 36. Rh7 Rf6 37. Kb2 b5 38. Bd3 b4 39. a4 Rf2+ 40. Kb1 Re7 41. Bf5+ Rxf5 42. Rxh6 Rf2 43. Rc6 Re1+ 44. Rc1 Rxc1+ 45.
Kxc1 Kf4 46. Kd1 Ke3 47. a5 Kd3 48. Ke1 Ra2 49. Kf1 Ke3 0-1